Map: Redshift LE

Players

Avoš - Winner!

  • Race: Protoss Protoss
  • Spawn Location: 11:00

VOD

Have the link to the VOD?

Description

Time

  • Played on: July 28, 2018, 11:50 a.m.
  • Length: 35:54
Show
View Real Time Build Order
Export as new Build Order

Avoš Protoss - Winner!

Build Orders:  

Get SALT Encoding   

  12  0:04  Probe (Chrono Boost)  
  14  0:21  Probe (Chrono Boost)  
  14  0:25  Pylon  
  14  0:38  Probe (Chrono Boost)  
  15  0:54  Gateway  
  15  0:55  Probe (Chrono Boost)  
  16  1:09  Assimilator  
  17  1:11  Probe (Chrono Boost)  
  17  1:21  Assimilator  
  17  1:28  Probe (Chrono Boost)  
  18  1:45  Probe (Chrono Boost)  
  18  1:48  Gateway  
  19  2:01  Cybernetics Core  
  19  2:02  Probe (Chrono Boost)  
  20  2:16  Pylon  
  20  2:19  Probe (Chrono Boost)  
  21  2:36  Probe (Chrono Boost)  
  22  2:50  Probe (Chrono Boost)  
  23  3:02  Probe (Chrono Boost)  
  23  3:09  Stalker  
  26  3:20  Stalker  
  28  3:45  Nexus  
  28  3:51  Stalker  
  30  4:07  Warp Gate  
  30  4:12  Pylon  
  30  4:37  Stalker, Sentry  
  34  4:59  Twilight Council  
  35  5:01  Probe (Chrono Boost)  
  35  5:14  Shield Battery, Stalker  
  35  5:18  Probe (Chrono Boost)  
  38  5:35  Probe (Chrono Boost)  
  39  6:25  Probe (Chrono Boost)  
  41  6:30  Probe (Chrono Boost)  
  42  6:41  Probe (Chrono Boost)  
  42  6:47  Probe (Chrono Boost)  
  43  6:54  Pylon  
  43  6:57  Assimilator  
  43  7:00  Assimilator  
  43  7:14  Robotics Facility  
  43  7:36  Forge  
  43  7:45  Probe x2 (Chrono Boost)  
  47  8:01  Probe (Chrono Boost)  
  47  8:02  Probe (Chrono Boost)  
  47  8:18  Probe (Chrono Boost)  
  47  8:19  Probe (Chrono Boost)  
  49  8:35  Gateway  
  49  8:36  Gateway  
  49  8:37  Probe x2 (Chrono Boost)  
  51  8:44  Protoss Ground Weapons Level 1  
  51  8:53  Blink  
  51  8:54  Probe x2 (Chrono Boost)  
  51  8:58  Pylon  
  53  9:04  Stalker  
  53  9:05  Stalker  
  59  9:11  Probe x2 (Chrono Boost)  
  59  9:36  Probe x2 (Chrono Boost)  
  61  9:53  Probe x2 (Chrono Boost)  
  63  11:32  Nexus  
  63  11:34  Pylon  
  63  11:39  Pylon  
  63  11:42  Assimilator  
  63  11:43  Charge  
  63  11:48  Assimilator  
  63  11:52  Stalker x2  
  63  11:53  Stalker  
  69  12:33  Stalker x2  
  69  12:34  Stalker  
  69  12:35  Stalker  
  71  13:00  Robotics Bay  
  63  13:23  Zealot x2  
  63  13:24  Zealot x2  
  62  13:44  Unknown  
  54  13:57  Zealot x4  
  44  14:26  Zealot x2  
  44  14:27  Zealot x2  
  45  15:13  Nexus  
  45  15:14  Probe x2 (Chrono Boost)  
  47  15:26  Protoss Ground Weapons Level 2  
  49  15:31  Probe x2 (Chrono Boost)  
  49  15:48  Probe x2 (Chrono Boost), Gateway  
  51  15:51  Gateway  
  51  15:54  Gateway  
  51  15:56  Gateway  
  51  16:05  Probe x2 (Chrono Boost)  
  53  16:10  Stalker x3  
  53  16:11  Stalker  
  61  16:51  Immortal  
  65  17:34  Robotics Facility  
  65  17:38  Robotics Facility  
  65  17:45  Robotics Facility  
  65  17:46  Immortal  
  65  17:49  Probe x2 (Chrono Boost)  
  72  17:50  Probe (Chrono Boost)  
  72  18:03  Zealot  
  72  18:04  Zealot x4  
  72  18:05  Zealot x3  
  72  18:06  Probe x2 (Chrono Boost)  
  72  18:07  Probe (Chrono Boost)  
  75  18:26  Unknown  
  75  18:36  Shield Battery, Protoss Ground Armor Level 1  
  75  18:43  Stalker x2  
  75  18:44  Stalker x2  
  75  18:45  Stalker x4  
  75  19:17  Stalker x2  
  75  19:18  Stalker x2  
  75  19:19  Stalker x4  
  92  19:51  Probe x3 (Chrono Boost)  
  92  20:06  Unknown, Pylon  
  92  20:08  Probe x3 (Chrono Boost), Pylon  
  95  20:10  Pylon  
  95  20:12  Pylon  
  95  20:15  Pylon  
  95  20:18  Pylon  
  95  20:20  Pylon  
  95  20:23  Pylon  
  95  20:25  Probe x3 (Chrono Boost)  
  99  20:41  Disruptor x4  
  99  20:42  Probe x3 (Chrono Boost)  
  113  21:08  Templar Archives  
  113  21:31  Disruptor x4  
  125  21:53  Nexus  
  125  21:57  Assimilator  
  125  21:59  Pylon  
  127  22:00  Pylon  
  127  22:02  Probe x3 (Chrono Boost)  
  127  22:07  Assimilator, Pylon  
  127  22:09  Pylon  
  128  22:19  Probe x3 (Chrono Boost)  
  131  22:24  Gateway  
  131  22:27  Gateway  
  131  22:31  Gateway  
  131  22:33  Gateway  
  131  22:36  Probe x2 (Chrono Boost)  
  131  22:39  Psionic Storm  
  133  22:42  Protoss Ground Weapons Level 3  
  113  23:09  Nexus  
  113  23:13  Pylon  
  113  23:16  Assimilator  
  113  23:19  Pylon  
  113  23:21  Assimilator  
  113  23:51  High Templar x3  
  113  23:52  High Templar x4  
  113  23:53  High Templar x4  
  113  23:54  High Templar  
  137  24:00  Archon x4  
  137  24:01  Archon x2  
  137  24:40  Dark Shrine  
  137  25:00  Stalker x2  
  137  25:01  Stalker x3  
  137  25:02  Stalker x2  
  137  25:03  Stalker x2  
  137  25:04  Stalker  
  137  25:05  Stalker  
  159  25:10  Stalker  
  161  26:22  Protoss Ground Armor Level 2, Dark Templar x2  
  161  26:23  Dark Templar x4  
  161  26:24  Dark Templar x3  
  179  26:41  Archon x2  
  179  26:42  Archon x2  
  179  26:47  Dark Templar  
  181  26:56  Archon  
  181  27:11  High Templar  
  171  28:47  Unknown  
  171  29:02  Unknown  
  171  29:06  Unknown  
  171  29:07  Unknown  
  171  29:08  Unknown x2  
  169  29:10  Unknown  
  169  29:11  Unknown x2  
  169  29:32  Protoss Shields Level 1  
  169  29:54  High Templar x3  
  169  29:55  High Templar x2  
  169  29:56  High Templar x4  
  169  29:57  High Templar x2  
  183  31:11  Unknown  
  183  31:12  Unknown  
  183  31:13  Unknown x2  
  183  31:14  Unknown  
  183  31:34  Unknown x2  
  183  31:35  Unknown  
  183  31:36  Unknown  
  183  31:37  Unknown  
  179  31:40  Unknown  
  179  31:42  Unknown  
  179  31:44  Unknown  
  179  32:17  Unknown x2  
  179  32:18  Unknown x2  
  179  32:26  Unknown x2  
  179  32:27  Unknown  
  179  32:28  Unknown  
  179  34:16  Unknown  
  179  34:17  Unknown x2  
  179  34:18  Unknown x2  
  179  34:19  Unknown x2  
  179  34:21  Unknown  
  179  34:37  Unknown  
  179  34:38  Unknown x2  
  179  34:39  Unknown  
  179  35:14  Unknown x2  
  179  35:15  Unknown x3  
  179  35:16  Unknown x3  
Tags
 
Add a new tag
Caveats
  • Supply blocks, unpowered buildings, or Contaminate may cause inaccurate times.
  • Supply counts are checked every 10 seconds.